 Dungeon Crawl Stone Soup version 0.30-a0-711-gf4ac18a38d (webtiles) character file.

Game seed: 1942804450583497297

175 zinnoa the Magician (level 5, -3/35 HPs)
             Began as a Djinni Conjurer on Jan 23, 2023.
             Was an Initiate of Hepliaklqana.
             Slain by Edmund
             ... wielding a +5 dire flail of draining
              (5 damage)
             ... on level 4 of the Dungeon.
             The game lasted 00:11:13 (2489 turns).

zinnoa the Magician (Djinni Conjurer)               Turns: 2489, Time: 00:11:14

Health: -3/35      AC:  3    Str:  6    XL:     5   Next: 85%
Gold:   177        EV: 12    Int: 21    God:    Hepliaklqana [......] SH:  0 Dex: 12

rFire   + + .      SeeInvis .    (no weapon)
rCold   x . .      Faith    .    (no shield)
rNeg    . . .      Spirit   .    a - +0 robe
rPois   ∞          Reflect  .    (no helmet)
rElec   .          Harm     .    h - +0 cloak
rCorr   .          Rampage  .    (no gloves)
Will    .....                    (boots unavailable)
Stlth   ++                       (no amulet)
HPRegen 0.25/turn                (no ring)
MPRegen 0.00/turn                (no ring)

@: flying
A: sickness immunity, fire resistance 2, cold vulnerability 1, float, innate
caster, HP casting, extra vitality 1
a: Renounce Religion


You were on level 4 of the Dungeon.
You worshipped Hepliaklqana.
Hepliaklqana was noncommittal.
You visited 1 branch of the dungeon, and saw 4 of its levels.

You collected 177 gold pieces.

Inventory:

Armour
 a - a +0 robe (worn)
 h - a +0 cloak (worn)
Scrolls
 e - 4 scrolls of identify {unknown}
 f - a scroll of noise {unknown}
 k - a scroll of vulnerability {unknown}
 n - 2 scrolls of amnesia {unknown}
 o - 2 scrolls of poison {unknown}
 p - a scroll of acquirement {unknown}
 q - a scroll of teleportation {unknown}
 t - a scroll of butterflies {unknown}
Potions
 b - 2 potions of magic
 c - a potion of flight {unknown}
 d - 3 potions of lignification {unknown}
 g - a potion of invisibility {unknown}
 i - 2 potions of attraction {unknown}
 j - 2 potions of heal wounds {unknown}
 l - a potion of cancellation {unknown}
 m - 2 potions of curing {unknown}
 r - 2 potions of ambrosia {unknown}
 s - a potion of brilliance {unknown}


   Skills:
 + Level 2.5 Dodging
 + Level 1.9 Stealth
 + Level 5.0 Spellcasting


You couldn't memorise any spells.
You knew the following spells:

 Your Spells              Type           Power      Damage    Failure   Level
a - Magic Dart            Conj           100%       1d8       1%          1
b - Searing Ray           Conj           52%        2d6       1%          2
c - Dazzling Flash        Conj/Hex       52%        N/A       4%          3
d - Fulminant Prism       Conj/Hex       13%        3d9       14%         4
e - Iskenderun's Mystic   Conj/Tloc      26%        2d7       14%         4
f - Summon Small Mammal   Summ           100%       N/A       1%          1
g - Scorch                Fire           52%        2d7       1%          2
Your spell library was empty.

Dungeon Overview and Level Annotations

Branches:
Dungeon (4/15)
 Temple: D:4-7

Altars:
Fedhas
Gozag
Hepliaklqana
Wu Jian

Annotations:
D:4 Edmund


Innate Abilities, Weirdness & Mutations

You are immune to sickness and miasma.
You are immune to poison.
Your flesh is very heat resistant. (rF++)
You are vulnerable to cold. (rC-)
You float through the air rather than walking.
You learn spells naturally, not from books.
Your magical power is your life essence.
You have superior vitality. (+4 MHP)


Message History

Confirm with . or Enter, or press ? or * to list all spells.
The spell is quite dangerous to miscast (14% risk of failure)!
Continue anyway?
Aiming: Fulminant Prism (quite dangerous; 14% risk of failure)
Press: ? - help, Dir - move target, p - Edmund You conjure a prism of explosive energy!
A fulminant prism comes into view.
Edmund hits your fulminant prism with a +5 dire flail of draining!
Your fulminant prism detonates feebly.
Casting: Fulminant Prism (quite dangerous; 14% risk of failure)
Confirm with . or Enter, or press ? or * to list all spells.
The spell is quite dangerous to miscast (14% risk of failure)!
Continue anyway?
Aiming: Fulminant Prism (quite dangerous; 14% risk of failure)
Press: ? - help, Dir - move target You conjure a prism of explosive energy!
* * * LOW HITPOINT WARNING * * *
A fulminant prism comes into view.
Edmund hits your fulminant prism with a +5 dire flail of draining!
Your fulminant prism detonates feebly.
Casting: Fulminant Prism (quite dangerous; 14% risk of failure)
Confirm with . or Enter, or press ? or * to list all spells.
Aiming: Searing Ray (safe; 2% risk of failure)
Press: ? - help, Shift-Dir - straight line, f - hound
Aim: a hound (71% to hit)
The searing ray hits the hound.
The hound is moderately wounded. (Press . to maintain the ray.)
* * * LOW HITPOINT WARNING * * *
The searing ray hits the hound!
The hound is severely wounded.
* * * LOW HITPOINT WARNING * * *
A nearby plant withers and dies.
The hound bites you.
* * * LOW HITPOINT WARNING * * *
The searing ray hits the hound.
You kill the hound!
* * * LOW HITPOINT WARNING * * *
Your Spellcasting skill increases to level 5!
You see here a hound corpse.
Edmund attacks as you move away!
Edmund hits you with a +5 dire flail of draining.
You die...

#. .. ... # #.
..# #. #. #..#
..##. ...+ ...
...####
#.####....P..
#.@@.........
#####...####
#>### #.##
##..#
#.######...####
..............+
#.######...####
#.....#


You could see Edmund.

Vanquished Creatures
  A hound (D:4)
  6 adders
  3 dart slugs
  8 orcs (D:3)
  7 ball pythons
  5 endoplasms
  8 hobgoblins
  12 kobolds
  2 quokkas
  7 bats
  5 frilled lizards
  8 goblins
  8 rats
  A fulminant prism (D:4)
81 creatures vanquished.

Vanquished Creatures (others)
  3 fulminant prisms (D:4)
  A plant (D:4)
4 creatures vanquished.

Grand Total: 85 creatures vanquished

Notes
Turn   | Place    | Note
-------+----------+-------------------------------------------
     0 | D:1      | zinnoa the Djinni Conjurer began the quest for the Orb.
     0 | D:1      | zinnoa set off with the following spells memorised: Magic
                  | Dart, Searing Ray, Dazzling Flash, Fulminant Prism,
                  | Iskenderun's Mystic Blast.
     0 | D:1      | Reached XP level 1. HP: 15/15 MP: 0/0
   114 | D:1      | Reached XP level 2. HP: 18/21 MP: 0/0
   249 | D:1      | Reached XP level 3. HP: 19/25 MP: 0/0
   249 | D:1      | Learned a level 1 spell: Summon Small Mammal
   638 | D:1      | Reached skill level 4 in Spellcasting
   785 | D:2      | Reached XP level 4. HP: 27/31 MP: 0/0
  1645 | D:3      | Reached XP level 5. HP: 25/35 MP: 0/0
  1645 | D:3      | Learned a level 2 spell: Scorch
  1914 | D:3      | Found an ornate altar of the Wu Jian Council.
  1914 | D:3      | Found a blossoming altar of Fedhas.
  1918 | D:3      | Found an opulent altar of Gozag.
  1929 | D:3      | Found a hazy altar of Hepliaklqana.
  1987 | D:3      | Became a worshipper of Hepliaklqana the Forgotten
  2478 | D:4      | Noticed Edmund
  2488 | D:4      | Reached skill level 5 in Spellcasting
  2489 | D:4      | Slain by Edmund

Illustrated notes

Levels and vault maps discovered:
D:1:      zelgadis_glass_arrival_small, layout_basic
D:2:      layout_basic, minmay_tetromino_l4
D:3:      layout_rooms, grunt_temple_overflow_open
D:4:      corexii_shack_village, layout_loops_corners, uniq_natasha,
          uniq_edmund, uniq_grinder

Skill      XL: |  1  2  3  4  5 |
---------------+----------------+-----
Spellcasting   | 4 5 |  5.0
Dodging        | |  2.5
Stealth        | |  1.9

Action                     |  1- 3 |  4- 6 || total
---------------------------+-------+-------++-------
   Cast: Magic Dart        |    58 |    66 ||   124
         Searing Ray       |     2 |     9 ||    11
         Dazzling Flash    |     2 |     1 ||     3
         Scorch            |       |     9 ||     9
         Fulminant Prism   |       |     4 ||     4
 Armour: Robe              |       |     1 ||     1
  Dodge: Dodged            |     3 |    10 ||    13

Table legend: (Time is in decaauts)
 A = Elapsed time spent in this place.
 B = Non-inter-level travel time spent in this place.
 C = Inter-level travel time spent in this place.
 D = Time resting spent in this place.
 E = Time spent auto-exploring this place.
 F = Levels seen in this place.
 G = Mean time per level.
                   A        B        C        D        E       F      G
               +--------+--------+--------+--------+--------+-----+--------+
         Total |   2488 |   2363 |    125 |    370 |   1600 |   4 |  622.0 |
       Dungeon |   2488 |   2363 |    125 |    370 |   1600 |   4 |  622.0 |
               +--------+--------+--------+--------+--------+-----+--------+

Top non-repeatable levels by time:
     D:2: 938 daAuts
     D:3: 800 daAuts
     D:1: 702 daAuts
     D:4: 46 daAuts
